 Dungeon Crawl Stone Soup version 0.30.1-9-gdf580d7c3d (webtiles) character file.

Game seed: 13271713986587609773

63 Ironcache the Sneak (level 3, -11/16 HPs)
             Began as a Spriggan Enchanter on Oct 3, 2023.
             Killed by nerve-wracking pain
             ... invoked by Grinder
              (12 damage)
             ... on level 3 of the Dungeon.
             The game lasted 00:10:53 (2135 turns).

Ironcache the Sneak (Spriggan Enchanter)            Turns: 2135, Time: 00:10:54

Health: -11/16     AC:  2    Str:  4    XL:     3   Next: 87%
Magic:  9/9        EV: 17    Int: 18    God:
Gold:   130        SH:  5    Dex: 15    Spells: 7/9 levels left

rFire   . . .        b - +0 rapier
rCold   . . .        (no shield)
rNeg    . . .        g - +0 robe
rPois   .            (helmet restricted)
rElec   .            (no cloak)
rCorr   .            (gloves unavailable)
SInv    +            (boots unavailable)
Will    .....        d - amulet of reflection
Stlth   +++          (no ring)
HPRegen 0.22/turn    (no ring)
MPRegen 0.11/turn

%: reflection
@: very quick
A: very small, no large weapons, unfitting armour, see invisible, speed 3
a: no special abilities


You were on level 3 of the Dungeon.
You visited 1 branch of the dungeon, and saw 3 of its levels.

You collected 130 gold pieces.

Inventory:

Hand Weapons
 a - a +1 dagger
 b - a +0 rapier (weapon)
Missiles
 n - 9 stones (quivered)
 p - 5 poisoned darts
Armour
 g - a +0 robe (worn)
Jewellery
 d - an amulet of reflection (around neck)
 e - a ring of ice
Scrolls
 f - a scroll of poison {unknown}
 h - a scroll of acquirement {unknown}
 i - 3 scrolls of identify {unknown}
 l - a scroll of enchant weapon {unknown}
 m - a scroll of teleportation {unknown}
 q - a scroll of magic mapping {unknown}
Potions
 c - 2 potions of invisibility
 j - a potion of degeneration {unknown}
 k - a potion of curing {unknown}
 o - a potion of flight {unknown}


   Skills:
 + Level 2.0 Short Blades
 - Level 3.0 Dodging
 + Level 5.1 Stealth
 * Level 3.8 Spellcasting
 + Level 4.1 Hexes


You had 7 spell levels left.
You knew the following spells:

 Your Spells              Type           Power      Damage    Failure   Level
a - Ensorcelled Hibernat  Hex/Ice        20%        N/A       10%         2

Your spell library contained the following spells:

 Spells                   Type           Power      Damage    Failure   Level
 Confusing Touch          Hex            18%        N/A       9%          3
 Tukima's Dance           Hex            18%        N/A       9%          3
 Magic Dart               Conj           12%        1d3       16%         1
 Dazzling Flash           Conj/Hex       20%        N/A       19%         3
 Call Imp                 Summ           6%         N/A       22%         2
 Mephitic Cloud           Conj/Pois/Air  3%         N/A       41%         3


Dungeon Overview and Level Annotations

Branches:
Dungeon (3/15)

Altars:

Annotations:
D:3 Grinder


Innate Abilities, Weirdness & Mutations

You are very small and have problems with some larger weapons.
You are too small for most types of armour.
You have supernaturally acute eyesight. (SInv)
You cover ground extremely quickly. (Speed+++)


Message History

Casting: Ensorcelled Hibernation (safe; 10% risk of failure)
Confirm with . or Enter, or press ? or * to list all spells.
Aiming: Ensorcelled Hibernation (safe; 10% risk of failure)
Press: ? - help, Shift-Dir - straight line, f - kobold
Aim: a kobold, wielding a +0 short sword (chance to affect: 62%)
The kobold looks drowsy...
The helpless kobold fails to defend itself.
You impale the kobold!!
You kill the kobold!
Things that are here:
a +0 short sword; a kobold corpse You now have 130 gold pieces (gained 10).
q - a scroll labelled TUMNOU YTIQE Grinder comes into view.
You see here 18 gold pieces.
Grinder shouts!
Grinder blinks!
Casting: Ensorcelled Hibernation (safe; 10% risk of failure)
Confirm with . or Enter, or press ? or * to list all spells.
You can't see any susceptible monsters within range! (Use Z to cast anyway.) Unknown command.
You closely miss Grinder. Grinder gestures at you.
You resist with significant effort.
You barely miss Grinder. Grinder gestures at you.
You suddenly lose the ability to move!
Grinder hits you. Grinder gestures at you.
You shrug off the repeated paralysis!
Grinder hits you!
Ouch! That really hurt!
* * * LOW HITPOINT WARNING * * *
You writhe in agony.
* * * LOW HITPOINT WARNING * * *
You can move again.
Grinder gestures at you. Pain shoots through your body!
Ouch! That really hurt!
You die...

#.... #.... #########
.... ##...#)..## ...
####.......$.## ..
.........5....# .
##...........# #
#.....@.....#### #
##.............########
##.......$......##....
####..#.#............
##................
####.............
#...†.........
###.............
#.##...............


You could see Grinder.

Vanquished Creatures
  2 worms (D:2)
  2 dart slugs
  5 ball pythons
  4 endoplasms
  A giant cockroach (D:3)
  3 goblins
  7 hobgoblins
  7 kobolds
  6 quokkas
  5 bats
  3 frilled lizards
  6 rats
51 creatures vanquished.

Notes
Turn   | Place    | Note
-------+----------+-------------------------------------------
     0 | D:1      | Ironcache the Spriggan Enchanter began the quest for the
                  | Orb.
     0 | D:1      | Reached XP level 1. HP: 9/9 MP: 5/5
   346 | D:1      | Reached XP level 2. HP: 13/13 MP: 6/6
   368 | D:1      | Learned a level 2 spell: Ensorcelled Hibernation
  1332 | D:2      | Reached XP level 3. HP: 16/16 MP: 3/8
  1776 | D:2      | Reached skill level 5 in Stealth
  2123 | D:3      | Noticed Grinder
  2130 | D:3      | Paralysed by Grinder for 4 turns
  2135 | D:3      | Killed from afar by Grinder

Illustrated notes

Levels and vault maps discovered:
D:1:      minmay_arrival_stone_box, layout_rooms, serial_bayou,
          serial_bayou_shore_b, serial_bayou_lake_a, serial_bayou_ford_a,
          serial_bayou_pond_b, serial_bayou_pond_b, serial_bayou_pond_a,
          minivault_11
D:2:      layout_rooms
D:3:      layout_rooms, bloody_makhleb, nicolae_nh_oracle_at_delphi,
          uniq_grinder

Skill      XL: |  1  2  3 |
---------------+----------+-----
Dodging        | 3 |  3.0
Spellcasting   | 3 |  3.8
Hexes          | 4 |  4.1
Stealth        | 5 |  5.1
Short Blades   | 2 |  2.0

Action                     || total
---------------------------++-------
  Melee: Dagger            ||    60
         Rapier            ||    58
   Cast: Ensorcelled Hiber ||    34
   Stab: Sleeping          ||    28
         Distracted        ||     1
 Armour: Robe              ||    14
  Dodge: Dodged            ||    55
  Block: Other             ||    23
